 Dungeon Crawl Stone Soup version 0.27-a0-1181-g5f64966fcc (webtiles) character file.

Game seed: 15301679380901751775

15873 wakim the Covert (level 12, -10/72 HPs)
             Began as a Kobold Brigand on May 17, 2021.
             Was a Follower of Uskayaw.
             Mangled by an ice devil (22 damage)
             ... on level 11 of the Dungeon.
             The game lasted 00:44:54 (17034 turns).

wakim the Covert (Kobold Brigand)                  Turns: 17034, Time: 00:44:55

Health: -10/72     AC: 11    Str:  8    XL:     12   Next: 63%
Magic:  19/19      EV: 24    Int: 12    God:    Uskayaw [*.....]
Gold:   791        SH:  8    Dex: 27    Spells: 11/11 levels left

rFire    . . .     SeeInvis .   a - +2 short sword (speed)
rCold    . . .     Faith    +   g - +0 buckler
rNeg     + . .     Spirit   .   t - +0 steam dragon scales
rPois    +         Reflect  .   n - +0 helmet
rElec    .         Harm     .   w - +2 ratskin cloak {*Rats rPois rN+ Str-1 Int-1 Dex+1}
rCorr    .         Rampage  .   (no gloves)
Will     .....                  h - +1 pair of boots
Stlth    +++++++...             s - amulet of faith
HPRegen  0.22/turn              m - +6 ring of dexterity
MPRegen  0.16/turn              r - ring of poison resistance

@: no status effects
A: small, no large weapons, nightstalker 3
a: Renounce Religion, Stomp


You were on level 11 of the Dungeon.
You worshipped Uskayaw.
Uskayaw was aware of your devotion.
You visited 2 branches of the dungeon, and saw 12 of its levels.
You also visited: Ossuary.

You collected 863 gold pieces.
You spent 72 gold pieces at shops.

Inventory:

Hand Weapons
 a - a +2 short sword of speed (weapon)
 b - a +0 short sword of venom
 p - a +0 rapier
Missiles
 d - 74 poisoned darts
 e - 9 curare-tipped darts (quivered) {=f}
 i - 10 boomerangs
 q - 5 boomerangs of dispersal {=f!f}
Armour
 c - a scarf of resistance
 g - a +0 buckler (worn)
 h - a +1 pair of boots (worn)
 j - +0 acid dragon scales
 n - a +0 helmet (worn)
 t - +0 steam dragon scales (worn)
 w - the +2 ratskin cloak (worn) {*Rats rPois rN+ Str-1 Int-1 Dex+1}
   (You found it on level 7 of the Dungeon)

   It affects your strength (-1).
   It affects your intelligence (-1).
   It affects your dexterity (+1).
   It protects you from poison.
   It protects you from negative energy.
Jewellery
 m - a +6 ring of dexterity (left hand)
 r - a ring of poison resistance (right hand)
 s - an amulet of faith (around neck)
Wands
 u - a wand of mindburst (30)
 v - a wand of flame (19)
 x - a wand of iceblast (6)
 y - a wand of paralysis (15)
Scrolls
 f - a scroll of brand weapon
 o - 5 scrolls of enchant armour
 R - a scroll of magic mapping {!r}
 S - 3 scrolls of summoning
 T - 5 scrolls of teleportation
 U - a scroll of fear
 X - a scroll of fog
Potions
 k - 2 potions of ambrosia
 l - a potion of resistance {unknown}
 z - a potion of mutation {unknown}
 B - 4 potions of attraction {!q}
 C - 2 potions of berserk rage {!q}
 D - 3 potions of brilliance
 E - a potion of lignification {unknown}
 F - 8 potions of curing
 G - 3 potions of flight
 N - 3 potions of might


   Skills:
 + Level 7.0 Fighting
 - Level 12.0 Short Blades
 + Level 5.5 Throwing
 + Level 9.7 Dodging
 + Level 12.8 Stealth
 - Level 4.0 Shields
 + Level 10.3 Invocations


You had 11 spell levels left.
You didn't know any spells.
Your spell library contained the following spells:

 Spells                   Type           Power      Damage    Failure   Level
 Animate Skeleton         Necr           0%         N/A       36%         1
 Apportation              Tloc           0%         N/A       36%         1
 Beastly Appendage        Tmut           0%         N/A       36%         1
 Corona                   Hex            0%         N/A       36%         1
 Shock                    Conj/Air       0%         1d3       36%         1
 Summon Small Mammal      Summ           0%         N/A       36%         1
 Call Imp                 Summ           0%         N/A       50%         2
 Slow                     Hex            0%         N/A       50%         2
 Static Discharge         Conj/Air       0%         N/A       50%         2
 Wereblood                Tmut           0%         N/A       50%         2
 Call Canine Familiar     Summ           0%         N/A       75%         3
 Inner Flame              Hex/Fire       0%         N/A       75%         3
 Portal Projectile        Hex/Tloc       0%         N/A       75%         3
 Spider Form              Tmut/Pois      0%         N/A       75%         3
 Summon Guardian Golem    Hex/Summ       0%         N/A       75%         3
 Swiftness                Air            0%         N/A       75%         3
 Airstrike                Air            0%         N/A       98%         4
 Cause Fear               Hex            0%         N/A       98%         4
 Ice Form                 Ice/Tmut       0%         N/A       98%         4
 Leda's Liquefaction      Hex/Erth       0%         N/A       98%         4
 Summon Ice Beast         Ice/Summ       0%         N/A       98%         4
 Summon Lightning Spire   Summ/Air       0%         N/A       98%         4
 Hydra Form               Tmut           0%         N/A       100%        5
 Lightning Bolt           Conj/Air       0%         1d11      100%        5


Dungeon Overview and Level Annotations

Branches:
Dungeon (11/15)            Temple (1/1) D:5            Lair (0/6) D:8
    Orc (0/2) D:10        Ossuary (visited)

Altars:
Ashenzari
Cheibriados
Dithmenos
Elyvilon
Fedhas
Gozag
Hepliaklqana
Kikubaaqudgha
Makhleb
Nemelex Xobeh
Okawaru
Qazlal
Ru
Sif Muna
Trog
Uskayaw
Vehumet
Wu Jian
Xom
Yredelemnul
Zin

Shops:
D:1 *   D:5 *

Portals:
Trove: D:11 (give +4 shadow dragon scales)


Innate Abilities, Weirdness & Mutations

You are small and have problems with some larger weapons.
You are completely attuned to the shadows.


Message History

The ice devil is moderately wounded.
Your hell rat barely misses the ice devil.
The ice devil hits you!
* * * LOW HITPOINT WARNING * * *
The ice devil freezes you!
* * * LOW HITPOINT WARNING * * *
Your river rat bites the ice devil but does no damage.
You barely miss the ice devil.
The ice devil is lightly wounded.
Your hell rat bites the ice devil but does no damage.
You block the ice devil's attack.
You feel better.
Your river rat bites the ice devil but does no damage.
Your hell rat bites the ice devil!
The ice devil misses you.
Aiming: Throw Flame
Press: ? - help, Shift-Dir - straight line, f/p - ice devil
Aim: an ice devil (heavily wounded, ally target, 68% to hit)
The puff of flame hits the ice devil but does no damage.
The ice devil is heavily wounded.
Your river rat bites the ice devil but does no damage.
Your hell rat bites the ice devil but does no damage.
You block the ice devil's attack.
Unknown command.
Aiming: Throw Flame
Press: ? - help, Shift-Dir - straight line, f/p - ice devil
Aim: an ice devil (heavily wounded, ally target, 68% to hit)
The puff of flame misses the ice devil.
Your river rat closely misses the ice devil.
Your hell rat bites the ice devil.
The ice devil closely misses you.
Aiming: Throw Flame
Press: ? - help, Shift-Dir - straight line, f/p - ice devil
Aim: an ice devil (heavily wounded, ally target, 68% to hit)
The puff of flame hits the ice devil!
The ice devil is burned terribly!
The ice devil is severely wounded.
Your hell rat bites the ice devil.
Your river rat closely misses the ice devil.
The ice devil hits you.
* * * LOW HITPOINT WARNING * * *
The ice devil freezes you!!
You die...

*,,,,,*,,,,,,,,,,,**+*****+,≈≈
*,,,,,*,,,,,#######...,,*,..≈≈
*,,,,,+,,,,,#...........#...≈≈
*,,,,,*,,,,,#...........#...≈≈
*,,,,*****+##...........###.≈≈
*,,,,**,,,.............).....≈
*,,,,**,,**#+#'###..........≈≈
*,,,,,,,,* #...# #..........≈≈
*,,,,,,,,* ##@## ####'##....≈≈
*,,,,,,,,***#4#****....#...≈.≈
*,,,,******,r.r,**+....##+##..
******,,,**.....***,,,,,*,,,,,
*,,,*#.....# *,,,,,*,,,,,
*,,,**,,∩,,* *,,,,,,,,,,,
******,,,******** *,,,,*,,,≈,*
*,,,,,,************,,,,,≈,,,≈,
*,,,,,,,,,,,,,,,,,,,,,,≈≈≈,≈,,


You could see an ice devil (ally target), a friendly hell rat and a friendly
river rat.

Vanquished Creatures
  Gastronok (D:9)
  A boulder beetle (D:7)
  A vault guard (D:11)
  2 two-headed ogres
  Pikel (D:6)
  A manticore (D:11)
  A komodo dragon (D:10)
  Maggie (D:8)
  The ghost of Tribosh the Thaumaturge, a novice DECj (D:6)
  A troll (D:6)
  A hornet (D:10)
  A meliai zombie (D:9)
  A shadow (D:10)
  Sigmund (D:3)
  A spriggan (D:8)
  A wyvern (D:9)
  A wraith (Ossuary)
  A yak (D:8)
  A steam dragon (D:7)
  The ghost of jordank93 the Skirmisher, an amateur HuAK of Lugonu (D:3)
  Menkaure (D:5)
  A water moccasin (D:6)
  2 wargs (D:6)
  2 acid dragons
  9 orc warriors
  2 sky beasts (D:6)
  2 black bears
  2 necrophages
  2 ice beasts
  10 ogres
  2 centaurs
  2 phantoms
  A lemure (D:6)
  3 kobold brigands
  7 bullfrogs
  An elf zombie (Ossuary)
  A wyvern zombie (D:7)
  2 scorpions
  3 gnoll sergeants
  A water moccasin skeleton (D:5)
  6 killer bees (D:8)
  8 wights
  An electric eel (D:6)
  14 howler monkeys
  3 crimson imps (D:9)
  4 centaur zombies
  A human zombie (Ossuary)
  4 orc priests
  2 jellies
  4 gnoll shamans
  7 hounds
  An iron imp (D:7)
  3 bullfrog skeletons
  A centaur skeleton (D:6)
  4 iguanas
  15 orc wizards
  3 hell rats (D:7)
  2 hound skeletons
  3 mummies (Ossuary)
  17 gnolls
  8 adders
  4 river rats (D:7)
  3 shadow imps
  A white imp (D:7)
  2 ufetubi
  2 adder skeletons (D:4)
  4 dart slugs
  54 orcs
  7 ball pythons
  4 bats
  4 endoplasms
  6 goblins
  10 hobgoblins
  4 jackals (D:4)
  2 frilled lizards (D:2)
  7 goblin zombies (Ossuary)
  3 hobgoblin zombies (Ossuary)
  8 kobolds
  2 kobold zombies (Ossuary)
  20 rats
335 creatures vanquished.

Vanquished Creatures (collateral kills)
  An ice devil (D:11)
  3 orcs
4 creatures vanquished.

Vanquished Creatures (others)
  A butterfly (D:8)
  7 fungi (D:8)
  5 plants
13 creatures vanquished.

Grand Total: 352 creatures vanquished

Notes
Turn   | Place    | Note
-------+----------+-------------------------------------------
     0 | D:1      | wakim the Kobold Brigand began the quest for the Orb.
     0 | D:1      | Reached XP level 1. HP: 12/12 MP: 1/1
   448 | D:1      | Reached XP level 2. HP: 17/17 MP: 2/2
   560 | D:1      | Found Uddor's General Store.
  1042 | D:1      | Reached XP level 3. HP: 22/22 MP: 3/3
  2446 | D:3      | Reached XP level 4. HP: 27/27 MP: 4/4
  2516 | D:3      | Found a faded altar of an unknown god.
  2518 | D:3      | Noticed a phantom
  2522 | D:3      | Killed a phantom
  2523 | D:3      | Reached XP level 5. HP: 32/32 MP: 5/5
  2560 | D:3      | Found a large runed translucent door.
  2561 | D:3      | Found a large runed translucent door.
  2721 | D:3      | Noticed Sigmund
  2890 | D:3      | Killed Sigmund
  2891 | D:3      | Reached skill level 5 in Short Blades
  2891 | D:3      | Reached XP level 6. HP: 27/37 MP: 6/6
  3128 | D:3      | Reached XP level 7. HP: 35/41 MP: 7/7
  3346 | D:3      | Noticed jordank93's ghost (amateur HuAK)
  3368 | D:3      | Killed jordank93's ghost
  3369 | D:3      | Reached skill level 5 in Dodging
  3485 | D:4      | Found a sparkling altar of Nemelex Xobeh.
  4021 | D:3      | Reached XP level 8. HP: 47/48 MP: 8/8
  4976 | D:5      | Entered Level 5 of the Dungeon
  5118 | D:5      | Found a staircase to the Ecumenical Temple.
  5144 | Temple   | Entered the Ecumenical Temple
  5249 | Temple   | Became a worshipper of Uskayaw the Reveller
  5336 | D:5      | Reached * piety under Uskayaw
  5596 | D:5      | Reached skill level 1 in Invocations
  5626 | D:5      | Reached XP level 9. HP: 53/53 MP: 8/10
  5713 | D:5      | Noticed Menkaure
  5717 | D:5      | Killed Menkaure
  5932 | D:5      | Found a burning altar of Makhleb.
  6084 | D:5      | Reached ** piety under Uskayaw
  6930 | D:5      | Found Gemipluh's Serpentskin Sales.
  6973 | D:5      | Bought 8 curare-tipped darts for 72 gold pieces
  7181 | D:6      | Reached *** piety under Uskayaw
  7182 | D:6      | Reached **** piety under Uskayaw
  7194 | D:6      | Reached ***** piety under Uskayaw
  7221 | D:6      | Reached ****** piety under Uskayaw
  7318 | D:6      | Reached skill level 10 in Short Blades
  7567 | D:6      | Found a sand-covered staircase.
  7573 | Ossuary  | Entered an ossuary
  7610 | Ossuary  | Reached skill level 5 in Invocations
  7732 | Ossuary  | Reached XP level 10. HP: 58/58 MP: 13/13
  8053 | D:6      | Noticed Pikel
  8076 | D:6      | Paralysed by Pikel for 6 turns
  8084 | D:6      | Killed Pikel
  8243 | D:6      | Found a large runed translucent door.
  8243 | D:6      | Found a large runed translucent door.
  8249 | D:6      | Noticed Tribosh's ghost (novice DECj)
  8685 | D:6      | Reached skill level 10 in Stealth
  8873 | D:6      | Identified the +0 robe of Watchfulness {rElec Int+6}
  8952 | D:6      | Killed Tribosh's ghost
  8988 | D:6      | Found an opulent altar of Gozag.
  9777 | D:6      | Reached XP level 11. HP: 50/62 MP: 17/17
 10728 | D:7      | Reached skill level 5 in Fighting
 11148 | D:7      | Found the +2 ratskin cloak {*Rats rPois rN+ Str-1 Int-1
                  | Dex+1}
 11456 | D:7      | Found a snail-covered altar of Cheibriados.
 11461 | D:7      | Reached skill level 1 in Shields
 11698 | D:7      | Noticed a boulder beetle
 11716 | D:7      | Killed a boulder beetle
 12276 | D:8      | Found a staircase to the Lair.
 12488 | D:8      | Found a white marble altar of Elyvilon.
 12589 | D:8      | Noticed Maggie
 12605 | D:8      | Paralysed by Maggie for 6 turns
 12611 | D:8      | Killed Maggie
 12841 | D:8      | Found a radiant altar of Vehumet.
 13243 | D:8      | Found a blossoming altar of Fedhas.
 13303 | D:9      | Found a shimmering blue altar of Sif Muna.
 13810 | D:9      | Noticed Gastronok
 13822 | D:9      | Killed Gastronok
 13823 | D:9      | Reached XP level 12. HP: 70/70 MP: 12/19
 13852 | D:9      | Found an ornate altar of the Wu Jian Council.
 14542 | D:9      | Found a shimmering altar of Xom.
 14610 | D:10     | Entered Level 10 of the Dungeon
 14733 | D:10     | Found a staircase to the Orcish Mines.
 15167 | D:10     | Noticed a two-headed ogre
 15192 | D:10     | Killed a two-headed ogre
 15193 | D:10     | Reached skill level 10 in Invocations
 15237 | D:10     | Found an iron altar of Okawaru.
 15383 | D:10     | Found a sacrificial altar of Ru.
 16626 | D:10     | Found a shadowy altar of Dithmenos.
 16745 | D:11     | Noticed a two-headed ogre
 16871 | D:10     | Reached skill level 5 in Throwing
 16936 | D:11     | Noticed a vault guard
 16939 | D:11     | Killed a vault guard
 16942 | D:11     | Found a portal to a secret trove of treasure.
 16975 | D:11     | Killed a two-headed ogre
 17034 | D:11     | Mangled by an ice devil

Illustrated notes

Levels and vault maps discovered:
D:1:      dpeg_arrival_central, layout_basic, serial_shops, nicolae_shop_stone
D:2:      layout_basic, small_statue_intersection
D:3:      layout_rooms, basic_ecumenical_altar, ebering_ghost_disaster_area,
          serial_bayou_pond_d, uniq_sigmund
D:4:      layout_basic, overflow_temple_1_default, mrwooster_statue_mirror,
          chequers_serial_rivers_marsh, chequers_serial_rivers_small_b,
          minmay_misc_feat_diagonals, minmay_starry_boxes
D:5:      kennysheep_big_flooded_room, layout_cave_pods,
          nicolae_overflow_crystal_walls, minmay_temple_entry_grid,
          guppyfry_shop_venom, uniq_menkaure
D:6:      lemuel_castle_with_subvaults [lemuel_castle_interior_carwin_2],
          layout_loops_ring, nicolae_overflow_hidden_temple,
          ebering_ghost_disaster_area, enter_ossuary_1,
          amcnicky_mini_pool_medium, uniq_pikel
D:7:      wander_guarded_unrand_ratskin, layout_basic, slow_altar_1
D:8:      layout_cave_pools, nicolae_vehumet_altar_sigil, lemuel_tele_altar,
          nicolae_elyvilon_peaceful_grove, grunt_lair_entry_orc_guard_hut,
          the_hattery, uniq_maggie
D:9:      layout_small_grid, overflow_temple_1_default,
          nicolae_wu_jian_wuxing_cycle, led_xom_imps, uniq_gastronok
D:10:     layout_stronghold, grunt_dithmenos_shadows, marbit_many_paths,
          lemuel_coloured_pillars_altar, hiddenorc1_lemuel
D:11:     layout_gridville, serial_rivers, chequers_serial_rivers_room_a,
          chequers_serial_rivers_micro_a, chequers_serial_rivers_marsh,
          chequers_serial_rivers_large_a, chequers_serial_rivers_micro_c,
          serial_shops, kennysheep_mini_moat, enter_trove_5,
          portal_ice_cave_demonic_guard
Temple:   nicolae_temple_figure_zero

Skill      XL: |  1  2  3  4  5  6  7  8  9 10 11 12 |
---------------+-------------------------------------+-----
Short Blades   | 3 4 5 6 8 10 12 | 12.0
Dodging        | 2 3 4 5 7 8 9 |  9.7
Fighting       | 3 4 6 7 |  7.0
Stealth        | 6 7 8 9 10 12 | 12.8
Invocations    | 1 5 8 9 10 | 10.3
Shields        | 3 4 |  4.0
Throwing       | 3 5 |  5.5

Action                   |  1- 3 |  4- 6 |  7- 9 | 10-12 || total
-------------------------+-------+-------+-------+-------++-------
Melee: Dagger            |    70 |     4 |     5 |       ||    79
       Short sword       |       |    16 |   375 |  1017 ||  1408
Throw: Dart              |     1 |       |     9 |    11 ||    21
       Boomerang         |       |       |       |     3 ||     3
Invok: Line Pass         |       |       |     1 |     3 ||     4
       Stomp             |       |       |       |    19 ||    19
Evoke: Wand              |       |       |       |     7 ||     7
  Use: Scroll            |     4 |     2 |     5 |    11 ||    22
       Potion            |       |       |     3 |     2 ||     5
 Stab: Sleeping          |    14 |     9 |    34 |    49 ||   106
       Distracted        |       |       |     2 |     5 ||     7
       Paralysed         |       |       |     3 |    15 ||    18
       Confused          |       |       |     1 |     3 ||     4
Armor: Robe              |     3 |       |    37 |       ||    40
       Acid dragon scale |       |       |    31 |    46 ||    77
       Steam dragon scal |       |       |       |    43 ||    43
Dodge: Dodged            |    36 |     5 |   259 |   430 ||   730
Block: Buckler           |       |       |       |   122 ||   122

Table legend: (Time is in decaauts)
 A = Elapsed time spent in this place.
 B = Non-inter-level travel time spent in this place.
 C = Inter-level travel time spent in this place.
 D = Time resting spent in this place.
 E = Time spent auto-exploring this place.
 F = Levels seen in this place.
 G = Mean time per level.
                   A        B        C        D        E       F      G
               +--------+--------+--------+--------+--------+-----+--------+
         Total |  16329 |  15632 |    697 |    727 |  11963 |  13 | 1256.1 |
       Dungeon |  15774 |  15095 |    679 |    727 |  11646 |  11 | 1434.0 |
        Temple |    124 |    106 |     18 |      0 |     91 |   1 |  124.0 |
       Ossuary |    430 |    430 |      0 |      0 |    226 |   1 |  430.0 |
               +--------+--------+--------+--------+--------+-----+--------+

Top non-repeatable levels by time:
     D:6: 2298 daAuts
    D:10: 2087 daAuts
     D:5: 1849 daAuts
     D:4: 1579 daAuts
     D:7: 1544 daAuts
     D:8: 1331 daAuts
     D:3: 1312 daAuts
     D:1: 1225 daAuts
     D:2: 1169 daAuts
     D:9: 1149 daAuts
 Ossuary: 430 daAuts
    D:11: 226 daAuts
  Temple: 124 daAuts
